 Dungeon Crawl Stone Soup version 0.27.1-3-gb3d3a73c9e (webtiles) character file.

Game seed: 10167955477459659143

8628 gorillafan208 the Cleaver (level 11, -5/95 (99) HPs)
             Began as a Minotaur Berserker on Oct 12, 2021.
             Was a High Priest of Trog.
             Slain by an orc warrior (15 damage)
             ... on level 1 of the Orcish Mines on Oct 14, 2021.
             The game lasted 00:55:28 (10938 turns).

gorillafan208 the Cleaver (Minotaur Berserker)     Turns: 10938, Time: 00:55:31

HP:   -5/95 (99)    AC: 15    Str: 24    XL:     11   Next: 12%
MP:   10/10         EV:  8    Int:  8    God:    Trog [*****.]
Gold: 501           SH:  0    Dex: 17    Spells: 10/10 levels left

rFire    + . .     SeeInvis .   O - +1 battleaxe of Putrescence {vorpal, *Slow rElec rC+ Will+++ Int+4}
rCold    + . .     Faith    +   (shield currently unavailable)
rNeg     . . .     Spirit   .   R - +1 plate armour
rPois    .         Reflect  .   (helmet restricted)
rElec    +         Harm     .   (no cloak)
rCorr    .         Rampage  .   (no gloves)
Will     +++..                  x - +0 pair of boots
Stlth    ..........             S - amulet of faith
HPRegen  0.25/turn              E - ring of protection from fire
MPRegen  0.12/turn              K - +6 ring of dexterity

@: on berserk cooldown, slowed, studying Crossbows, lightly drained, very slow
A: horns 2, retaliatory headbutt
a: Renounce Religion, Berserk, Trog's Hand, Brothers in Arms


You were on level 1 of the Orcish Mines.
You worshipped Trog.
Trog was extremely pleased with you.
You visited 2 branches of the dungeon, and saw 10 of its levels.
You also visited: Sewer and Ossuary.

You collected 501 gold pieces.

Inventory:

Hand Weapons
 a - a +0 hand axe
 k - a +0 hunting sling
 m - a +0 rapier of venom
 y - a +0 mace of protection
 H - a +1 antimagic whip
 J - the +8 hunting sling "Zoeboakh" {flame, rPois Dex+4}
   (You found it on level 9 of the Dungeon)

   Any ammunition fired from it burns those it strikes, dealing additional fire
   damage.
   Dex:       It affects your dexterity (+4).
   rPois:     It protects you from poison.
 O - the +1 battleaxe of Putrescence (weapon) {vorpal, *Slow rElec rC+ Will+++ Int+4}
   (You found it on level 9 of the Dungeon)

   It inflicts extra damage upon your enemies.
   Int:       It affects your intelligence (+4).
   rC:        It protects you from cold.
   rElec:     It insulates you from electricity.
   *Slow:     It may slow you when you take damage.
   Will:      It greatly increases your willpower.
 Q - a +5 morningstar
 U - a +3 quarterstaff of chaos
 Z - a +0 broad axe
Missiles
 h - 8 javelins
 l - 314 stones
 A - 35 poisoned darts
 G - 2 throwing nets
Armour
 f - a +0 scale mail
 t - +0 steam dragon scales
 x - a +0 pair of boots (worn)
 I - a +0 tower shield
 R - a +1 plate armour (worn)
Magical Staves
 e - a staff of death
Jewellery
 o - an amulet of guardian spirit
 E - a ring of protection from fire (left hand)
 K - a +6 ring of dexterity (right hand)
 S - an amulet of faith (around neck)
Wands
 P - a wand of mindburst (14)
 V - a wand of acid (4)
 X - a wand of digging (8)
Scrolls
 g - 3 scrolls of fear
 i - a scroll of acquirement {unknown}
 j - 7 scrolls of teleportation
 r - a scroll of summoning {unknown}
 u - 2 scrolls of fog
 w - 2 scrolls of vulnerability {unknown}
 C - 2 scrolls of enchant armour
 F - 2 scrolls of torment
 L - 2 scrolls of immolation {unknown}
 M - 2 scrolls of noise {unknown}
 W - a scroll of brand weapon {unknown}
 Y - a scroll of enchant weapon {unknown}
Potions
 b - 2 potions of might
 c - a potion of lignification
 d - 4 potions of curing
 n - 3 potions of attraction {unknown}
 p - 4 potions of degeneration
 s - 4 potions of mutation {unknown}
 v - 2 potions of heal wounds {unknown}
 z - 2 potions of cancellation {unknown}
 B - 5 potions of haste
 D - 2 potions of resistance {unknown}
 N - 2 potions of magic {unknown}
 T - a potion of flight {unknown}


   Skills:
 * Level 10.0 Fighting
 * Level 12.5(13.5) Axes
 * Level 8.9(11.8) Maces & Flails
 + Level 7.8 Armour
 + Level 3.2 Dodging
 + Level 2.0 Stealth
 + Level 6.2 Shields


You had 10 spell levels left.
You didn't know any spells.
Your spell library contained the following spells:

 Spells                   Type           Power      Damage    Failure   Level
 Corona                   Hex            0%         N/A       99%         1
 Shock                    Conj/Air       0%         1d3       99%         1
 Ensorcelled Hibernation  Hex/Ice        0%         N/A       100%        2
 Passwall                 Tmut/Erth      0%         N/A       100%        2
 Swiftness                Air            0%         N/A       100%        3
 Tukima's Dance           Hex            0%         N/A       100%        3
 Airstrike                Air            0%         N/A       100%        4
 Invisibility             Hex            0%         N/A       100%        6


Dungeon Overview and Level Annotations

Branches:
Dungeon (9/15)             Temple (0/1) D:4             Orc (1/2) D:9
  Sewer (visited)         Ossuary (visited)
   Lair: D:8-11

Altars:
Cheibriados
Elyvilon
Fedhas
Gozag
Hepliaklqana
Kikubaaqudgha
Nemelex Xobeh
Sif Muna
Xom
Yredelemnul
Zin

Shops:
D:5 :   D:6 *   Orc:1 :

Annotations:
Orc:1 Josephine


Innate Abilities, Weirdness & Mutations

You have a pair of horns on your head.
You reflexively headbutt those who attack you in melee.


Message History

The wraith is destroyed!
Trog accepts your kill.
The orc warrior hits you with a +0 short sword!
The orc warrior hits you but does no damage.
The orc priest hits your iron troll but does no damage.
The orc closely misses you. You furiously retaliate!
You headbutt the orc.
Your iron troll bites the orc priest!!
The orc priest dies!
Trog accepts your kill. Josephine barely misses you. You furiously retaliate!
You headbutt Josephine, but do no damage.
The orc hits your iron troll with a +0 whip.
The orc warlord roars a battlecry!
The orcs go into a battle-frenzy!
Your iron troll bites the orc!!!
The orc dies!
Trog accepts your kill.
Josephine points at you and mumbles some strange words.
The ghostly flame explodes!
The ghostly fireball engulfs you!!
You feel drained.
* * * LOW HITPOINT WARNING * * *
You feel as though you will be slow longer.
Something completely misses your iron troll.
Your iron troll bites the orc warrior!!!
The orc warrior dies!
Trog accepts your kill.
As you read the scroll of fog, it crumbles to dust.
The scroll dissolves into smoke.
Your iron troll is no longer moving slowly.
Your iron troll is smitten.
The orc warrior hits you with a +0 short sword.
* * * LOW HITPOINT WARNING * * *
Something hits your iron troll but does no damage.
Something hits your iron troll.
Something drains your iron troll's vigour!
Your iron troll seems to slow down.
Your iron troll bites the orc warlord but does no damage.
Your iron troll claws the orc warlord!
Your iron troll claws the orc warlord.
The orc warrior hits you with a +0 short sword!
You die...

......o)))..........
........)T)).........
##......oo.)$.........
##..#.......)...........
##.......o.........##.###
#....#..#..#∩o......# .#
#..........§.o...#.....
#.........§#@#§..#.....
#.........§o@§#.###.##..
#.........§o§#### ## #.
#......).§..#
#....><....#....#
#...#...........## ##.
##.#.##.#.### ##########


You could see an orc warlord, Josephine, 2 orc warriors, an orc wizard (strong,
ally target), 2 orcs and a friendly iron troll (summoned, berserk, slow).

Vanquished Creatures
  Harold (D:8)
  A two-headed ogre (D:6)
  A flayed ghost (D:9)
  Pikel (D:8)
  A cyclops (D:6)
  A shadow (D:9)
  4 wraiths (D:9)
  A fire bat (D:9)
  A steam dragon (D:8)
  2 black bears
  2 orc warriors
  2 sky beasts
  3 centaurs
  5 ogres
  A phantom (D:4)
  3 kobold brigands
  Blork the orc (D:6)
  2 bullfrogs
  2 gnoll sergeants
  2 scorpions
  2 wyvern zombies
  5 water moccasin zombies
  A wyvern skeleton (D:7)
  2 water moccasin skeletons (D:5)
  11 killer bees
  3 wights (D:8)
  2 howler monkeys
  3 centaur zombies
  2 hounds (D:5)
  A jelly (D:5)
  A bullfrog skeleton (D:4)
  2 orc priests
  Crazy Yiuf (D:7)
  A centaur skeleton (D:6)
  2 iguanas
  6 orc wizards
  A scorpion zombie (D:5)
  3 mummies
  A howler monkey zombie (D:5)
  11 gnolls
  A river rat (Sewer)
  9 adders
  2 shadow imps (D:5)
  5 adder zombies (Ossuary)
  2 dart slugs
  17 orcs
  13 bats
  6 endoplasms
  6 giant cockroaches
  4 gnoll zombies (Ossuary)
  7 goblins
  3 hobgoblins
  4 jackals (D:3)
  10 quokkas
  11 ball pythons
  9 frilled lizards
  3 hobgoblin zombies (Ossuary)
  29 kobolds
  4 kobold zombies
  8 orc zombies
  7 rats
258 creatures vanquished.

Vanquished Creatures (collateral kills)
  A wraith (Orc:1)
  A steam dragon (D:8)
  A warg (Orc:1)
  7 orc warriors
  A wyvern skeleton (D:6)
  3 wights
  2 orc priests
  3 orc wizards
  4 orcs
  A kobold (D:8)
24 creatures vanquished.

Vanquished Creatures (others)
  A centaur skeleton (D:4)
  A bat (D:9)
  96 plants
98 creatures vanquished.

Grand Total: 380 creatures vanquished

Notes
Turn   | Place    | Note
-------+----------+-------------------------------------------
     0 | D:1      | gorillafan208 the Minotaur Berserker began the quest for
                  | the Orb.
     0 | D:1      | Reached XP level 1. HP: 19/19 MP: 0/0
   347 | D:1      | Reached XP level 2. HP: 21/27 MP: 1/1
   425 | D:1      | Reached skill level 4 in Axes
  1172 | D:2      | Reached XP level 3. HP: 34/34 MP: 2/2
  1260 | D:2      | Found a faded altar of an unknown god.
  1371 | D:2      | Reached ** piety under Trog
  1456 | D:2      | Found a shimmering altar of Xom.
  1860 | D:3      | Reached XP level 4. HP: 41/41 MP: 3/3
  2398 | D:4      | Found a staircase to the Ecumenical Temple.
  2501 | D:4      | Reached skill level 5 in Axes
  2518 | D:4      | Noticed a phantom
  2528 | D:4      | Killed a phantom
  2529 | D:4      | Reached XP level 5. HP: 46/47 MP: 4/4
  2579 | D:4      | Reached skill level 5 in Fighting
  2671 | D:4      | Found a glowing drain.
  2689 | Sewer    | Entered a sewer
  2972 | Sewer    | Reached skill level 6 in Axes
  3292 | D:4      | Noticed an ogre
  3295 | D:4      | Killed an ogre
  3296 | D:4      | Reached XP level 6. HP: 34/56 MP: 2/5
  3498 | D:4      | Reached *** piety under Trog
  3967 | D:4      | Reached skill level 7 in Axes
  4031 | D:4      | Found a shimmering altar of Xom.
  4032 | D:4      | Found a hazy altar of Hepliaklqana.
  4033 | D:4      | Noticed a yak
  4033 | D:4      | Noticed a spectral ugly thing
  4360 | D:4      | Noticed an orc warrior
  4369 | D:4      | Killed an orc warrior
  4370 | D:4      | Reached XP level 7. HP: 38/62 MP: 3/6
  4833 | D:5      | Entered Level 5 of the Dungeon
  5129 | D:5      | Reached skill level 5 in Armour
  5155 | D:5      | Found a sand-covered staircase.
  5164 | Ossuary  | Entered an ossuary
  5387 | Ossuary  | Reached skill level 8 in Axes
  5387 | Ossuary  | Reached skill level 1 in Shields
  5398 | Ossuary  | Reached skill level 1 in Stealth
  5469 | Ossuary  | Reached **** piety under Trog
  5489 | Ossuary  | Reached XP level 8. HP: 58/70 MP: 4/7
  5903 | D:5      | Reached skill level 9 in Axes
  5952 | D:5      | Found Etrosmep's Book Shoppe.
  6303 | D:6      | Noticed a two-headed ogre
  6305 | D:6      | Noticed a cyclops
  6319 | D:6      | Killed a two-headed ogre
  6320 | D:6      | Reached skill level 10 in Axes
  6320 | D:6      | Reached XP level 9. HP: 81/81 MP: 5/8
  6326 | D:6      | Killed a cyclops
  6337 | D:6      | Reached skill level 11 in Axes
  7139 | D:6      | Found Zin's Purification Station.
  7143 | D:6      | Found a glowing silver altar of Zin.
  7387 | D:6      | Reached skill level 1 in Maces & Flails
  7514 | D:6      | Noticed Blork the orc
  7521 | D:6      | Killed Blork the orc
  7957 | D:7      | Found a runed translucent door.
  7966 | D:7      | Noticed Crazy Yiuf
  7972 | D:7      | Killed Crazy Yiuf
  8597 | D:7      | Found an opulent altar of Gozag.
  8597 | D:7      | Found a basalt altar of Yredelemnul.
  8598 | D:7      | Found a blossoming altar of Fedhas.
  8851 | D:7      | Reached skill level 5 in Maces & Flails
  8851 | D:7      | Reached XP level 10. HP: 88/90 MP: 9/9
  9006 | D:8      | Reached ***** piety under Trog
  9027 | D:8      | Noticed Pikel
  9036 | D:8      | Killed Pikel
  9037 | D:8      | Reached skill level 5 in Shields
  9038 | D:8      | Noticed Harold
  9052 | D:8      | HP: 2/91 [orc priest (5)]
  9087 | D:8      | Killed Harold
  9814 | D:9      | Reached skill level 12 in Axes
  9814 | D:9      | Found a staircase to the Orcish Mines.
  9979 | D:9      | Found a white marble altar of Elyvilon.
 10258 | D:9      | Found a shimmering blue altar of Sif Muna.
 10264 | D:9      | Found a runed translucent door.
 10266 | D:9      | Noticed a flayed ghost
 10279 | D:9      | Killed a flayed ghost
 10280 | D:9      | Reached skill level 10 in Fighting
 10286 | D:9      | Identified the +1 battleaxe of Putrescence {vorpal, *Slow
                  | rElec rC+ Will+++ Int+4}
 10289 | D:9      | Identified the +8 hunting sling "Zoeboakh" {flame, rPois
                  | Dex+4}
 10451 | D:9      | Found an ancient bone altar of Kikubaaqudgha.
 10474 | D:9      | Found a sparkling altar of Nemelex Xobeh.
 10556 | D:9      | Found a snail-covered altar of Cheibriados.
 10601 | D:9      | Found a basalt altar of Yredelemnul.
 10616 | D:9      | Reached XP level 11. HP: 89/99 MP: 10/10
 10627 | D:9      | Found a white marble altar of Elyvilon.
 10897 | Orc:1    | Entered Level 1 of the Orcish Mines
 10897 | Orc:1    | Found Roufoop's Book Shoppe.
 10924 | Orc:1    | Noticed Josephine
 10928 | Orc:1    | Received a gift from Trog
 10929 | Orc:1    | Noticed an orc warlord
 10938 | Orc:1    | Slain by an orc warrior

Illustrated notes

Levels and vault maps discovered:
D:1:      lightli_arrival_statue_moat, layout_loops_corners
D:2:      layout_rooms, hellmonk_ecumenical_altar_inner_sanctum, basic_altar,
          minmay_misc_feat_secret_circle
D:3:      layout_basic, minmay_cut_off
D:4:      kennysheep_kobold_camp, layout_basic, regret_index_temple_of_mockery,
          minmay_temple_entry_wispy, portal_sewer_entry_f, grunt_decor_cap,
          serial_bayou_pond_a
D:5:      layout_gridville, nicolae_ossuary_entry_giza, serial_bayou,
          serial_bayou_pond_d, serial_bayou_crossing, serial_bayou_lagoon_a,
          serial_bayou_pond_d, kennysheep_small_circle
D:6:      layout_loops_corners, zin_purify, corexii_leaking_fountain,
          minmay_manual_moon, uniq_blork_the_orc
D:7:      layout_basic, gammafunk_temple_overflow_claw, uniq_crazy_yiuf_cottage
D:8:      layout_gridville, uniq_harold, uniq_pikel
D:9:      due_megacathedral, layout_rooms, elyvilon_altar_4, orc_0_dummy
Orc:1:    layout_caves, serial_shops, shop, uniq_josephine, uniq_sonja

Skill      XL: |  1  2  3  4  5  6  7  8  9 10 |
---------------+-------------------------------+-----
Axes           | 4 5 6 7 8 10 11 12 | 12.5
Fighting       | 4 5 6 7 8 10 | 10.0
Armour         | 3 4 5 6 7 |  7.8
Dodging        | 3 |  3.2
Shields        | 1 3 4 6 |  6.2
Stealth        | 1 2 |  2.0
Maces & Flails | 5 8 |  8.9

Action                   |  1- 3 |  4- 6 |  7- 9 | 10-12 || total
-------------------------+-------+-------+-------+-------++-------
Melee: Hand axe          |    85 |   161 |   196 |       ||   442
       Headbutt          |    11 |    27 |    87 |    27 ||   152
       Morningstar       |       |       |    78 |    84 ||   162
       Battleaxe         |       |       |       |    40 ||    40
Invok: Berserk           |       |     1 |     5 |     6 ||    12
       Trog's Hand       |       |     1 |       |       ||     1
       Brothers in Arms  |       |       |     2 |     2 ||     4
  Use: Scroll            |     4 |       |     4 |     8 ||    16
       Potion            |       |       |     1 |     1 ||     2
Armor: Animal skin       |     4 |       |       |       ||     4
       Scale mail        |    34 |    57 |       |       ||    91
       Chain mail        |       |     4 |    79 |       ||    83
       Plate armour      |       |       |    61 |    99 ||   160
Dodge: Dodged            |    49 |    81 |    59 |    46 ||   235
Block: Tower shield      |       |    10 |   207 |   131 ||   348
